Unix NetHack Version 5.0.0-0 post-release - last build Jun 10 2026 00:39:30 (3ee93aec679c4c4259841fe613dc97188e26a321,branch:main).

Game began 2026-06-14 21:38:33, ended 2026-06-15 22:41:29.

Anarchos, lawful female dwarven Valkyrie

               ----------                                  ------------
               |........|                                  |..........|
   -----       |........|                       ##@cff#####...........|
   |...|       |........|        ----------      ##########|..........|
   |....####   |.>...^..|        |C.......               ##|..........|
   |..<|   ####.........|    ##  |.....                  ##-..........|
   |....#####  ----------     ###|...-                    #------------
   |...|    #####################....|                    #
   -----                        #|..C|                    ##
                                #|...|                     #
                                %|...-                     #
                                #|....                     #
                                #|C....          ######### #
                               ##-------      #    ------|-#
                               ####################.....^.-#
                                                   |......|
                                                   --------

Anarchos the Fighter        St:18/17 Dx:13 Co:20 In:8 Wi:8 Ch:7  Lawful
Dlvl:9  $:378 HP:0(105) Pw:17(17) AC:-1 Xp:8 T:7892  Stressed

Latest messages:
 The dagger hits the water nymph!
 The water nymph drinks a potion of healing!
 The water nymph looks better.
 The water nymph picks up a +0 dagger.
 The kitten misses the water nymph.
 The kitten misses the water nymph.
 The water nymph puts on an uncursed +3 small shield.
 The kitten misses the water nymph.
 The kitten bites the water nymph.
 The water nymph smiles at the kitten engagingly.
 The water nymph pretends to be friendly to the kitten.
 What do you want to throw? [$bqvAI or ?*] a
 In what direction? 4
 The dwarvish spear hits the water nymph!
 The water nymph picks up a +1 dwarvish spear.
 The kitten misses the water nymph.
 The kitten bites the water nymph.
 The water nymph pretends to be friendly to the kitten.
 The water nymph smiles at the kitten engagingly.
 The water nymph opens a door.
 What do you want to throw? [$bqvAI or ?*] b
 In what direction? 4
 The cockatrice bites!
 The cockatrice touches you!
 The cockatrice bites!
 The cockatrice misses!
 You swap places with your large cat.
 The cockatrice bites!
 The cockatrice touches you!
 You hear the cockatrice's hissing!
 You are slowing down.
 What do you want to eat? [dLOV or ?*] ?
 This lizard corpse is gamey.
 You feel limber!
 You stop eating the lizard corpse.
 The cockatrice bites!
 The cockatrice misses!
 You hear some noises in the distance.
 What do you want to wield? [- qvAI or ?*] ?
 Never mind.
 What do you want to zap? [imnsxyCGHQUWX or ?*] ?
 In what direction? 4
 The water nymph vanishes!
 The water nymph appears close by!
 You hear some noises.
 You begin bashing monsters with your bare hands.
 You hit the cockatrice.
 You turn to stone...
 Do you want your possessions identified? [ynq] (y) y
 Do you want to see your attributes? [ynq] (y) q

Inventory:
 Coins    ('$')
  $ - 378 gold pieces
 Amulets  ('"')
  e - a cursed amulet of strangulation
 Weapons  (')')
  A - 2 +0 arrows
  q - a +0 bow
  v - a +0 boomerang
  I - a cursed -1 scimitar
 Armor    ('[')
  M - an uncursed +0 orcish helm (being worn)
  k - a cursed -1 orcish helm
  w - an uncursed +0 pair of iron shoes (being worn)
  B - an uncursed +0 dwarvish cloak (being worn)
  h - a cursed +0 mummy wrapping
  N - a blessed +2 splint mail (being worn)
 Comestibles  ('%')
  L - an uncursed cram ration
  d - 6 uncursed food rations
  V - an uncursed giant rat corpse
  O - an uncursed partly eaten lizard corpse
 Potions  ('!')
  Y - an uncursed potion of healing
 Rings    ('=')
  K - an uncursed ring of cold resistance (on left hand)
  g - an uncursed +1 ring of gain constitution (on right hand)
 Wands    ('/')
  x - a wand of digging (0:8)
  i - a wand of locking (0:7)
  X - a cursed wand of locking (0:7)
  y - a wand of make invisible (0:8)
  Q - a wand of nothing (0:4)
  m - a wand of secret door detection (0:15)
  s - a wand of sleep (0:5)
  C - a wand of sleep (0:4)
  n - a wand of slow monster (0:5)
  U - a wand of slow monster (0:5)
  H - a wand of striking (0:1)
  G - a wand of teleportation (0:5)
  W - a wand of undead turning (0:7)
 Tools    ('(')
  Z - an uncursed sack containing 29 items
  u - an uncursed blindfold
  R - an uncursed blindfold
  f - a cursed crystal ball (0:7)
  E - an uncursed magic whistle
  P - an uncursed mirror
  D - an uncursed skeleton key

Contents of the sack:
  a blessed scroll of blank paper
  3 uncursed scrolls of blank paper
  a cursed scroll of blank paper
  an uncursed scroll of create monster
  an uncursed scroll of enchant weapon
  an uncursed scroll of remove curse
  an uncursed scroll of scare monster
  a blessed scroll of stinking cloud
  an uncursed novel named Monstrous Regiment
  an uncursed spellbook of confuse monster
  an uncursed spellbook of cure sickness
  an uncursed spellbook of detect food
  an uncursed spellbook of detect unseen
  an uncursed potion of extra healing
  an uncursed potion of healing
  a blessed potion of object detection
  an uncursed potion of object detection
  a potion of holy water
  2 uncursed potions of water
  an uncursed black opal
  an uncursed obsidian stone
  3 uncursed worthless pieces of black glass
  2 uncursed worthless pieces of blue glass
  an uncursed worthless piece of green glass
  3 uncursed worthless pieces of orange glass
  2 uncursed worthless pieces of red glass
  an uncursed worthless piece of violet glass
  an uncursed worthless piece of yellowish brown glass
  7 uncursed flint stones

Anarchos the Valkyrie's attributes:

Background:
 You were a Fighter, a level 8 dwarven Valkyrie.
 You were lawful, on a mission for Tyr
 who was opposed by Odin (neutral) and Loki (chaotic).
 You were right-handed.
 You were in the Dungeons of Doom, on level 9.
 You entered the dungeon 7892 turns ago.
 It was nighttime.
 There was a new moon in effect when your adventure ended.
 You had 1606 experience points, 954 more were needed to attain level 9.

Basics:
 You had 0 out of 105 hit points.
 You had all 17 energy points (spell power).
 Your armor class was -1.
 Your wallet contained 378 zorkmids.
 Autopickup was on for all types.

Final Characteristics:
 Your strength was 18/17 (limit:18/100).
 Your dexterity was 13 (limit:20).
 Your constitution was 20 (base:19, limit:20).
 Your intelligence was 8 (limit:16).
 Your wisdom was 8 (peak:9, limit:16).
 Your charisma was 7 (limit:16).

Final Status:
 You weren't hungry.
 You were stressed; movement was moderately slowed.
 You were bare handed.
 You were unskilled in bare handed combat.

Final Attributes:
 You were piously aligned.
 Your items were somewhat protected from fire.
 You were cold resistant.
 Your items were protected from cold.
 You had infravision.
 You were stealthy.
 You were warded.
 Your spell casting was impaired by metallic armor.
 Tyr was angry with you.
 You are dead.

Miscellaneous:
 You didn't encounter any bones levels.
 Total elapsed playing time was 6 hours, 24 minutes and 25 seconds.

Major events:
 Turn
    1: Anarchos the lawful dwarven Valkyrie entered the dungeon
  518: attained the rank of Skirmisher (level 3)
  687: entered the Gnomish Mines
 2754: reached Mine Town
 3719: attained the rank of Fighter (level 6)
 5687: read a Discworld novel
 7892: petrified by a cockatrice

Spells:
 Name                 Level Category     Fail Retention
 detect food            2   divination   100%  76%-100%
 cure sickness          3   healing      100%  76%-100%

Skills:
 Fighting Skills
   bare handed combat [Unskilled]
   two weapon combat  [Unskilled]
   riding             [Unskilled]
 Weapon Skills
   dagger             [Basic]
   axe                [Unskilled]
   pick-axe           [Unskilled]
   short sword        [Unskilled]
   broadsword         [Unskilled]
   long sword         [Unskilled]
   two-handed sword   [Unskilled]
   saber              [Unskilled]
   hammer             [Unskilled]
   quarterstaff       [Unskilled]
   polearms           [Unskilled]
   spear              [Expert]
   trident            [Unskilled]
   lance              [Unskilled]
   sling              [Unskilled]
 Spellcasting Skills
   attack spells      [Unskilled]
   escape spells      [Unskilled]

Voluntary challenges:
 Character rerolling was not enabled.
 You never genocided any monsters.
 You never polymorphed an object.
 You never changed form.
 You used no wishes.
Achievements:
 You entered a shop.
 You attained the rank of Skirmisher.
 You entered the Gnomish Mines.
 You entered Minetown.
 You entered a temple.
 You attained the rank of Fighter.
 You read from a Discworld novel.

 The Dungeons of Doom: levels 1 to 9
    Level 1:
       Some altars, some fountains.
    Level 2:
       A general store, some fountains.
       Stairs down to The Gnomish Mines.
    Level 3:
       A scroll shop.
    Level 4:
       Some fountains.
    Level 5:
       A fountain.
    Level 6:
       A fountain.
    Level 7:
       A throne, a sink.
    Level 8:
       A fountain.
    Level 9: <- You were here.
       Final resting place for
          you, petrified by a cockatrice.
 The Gnomish Mines: levels 3 to 7
    Level 3:
    Level 4:
    Level 5:
    Level 6:
       Many shops, a temple and an altar to Tyr, some fountains.
    Level 7:


Vanquished creatures:
  2 small mimics
  a warhorse
  a dwarf ruler
  a red naga
  2 giant beetles
  a panther
  a leprechaun
  2 iron piercers
  a horse
 an owlbear
  a lizard
  a gnome mummy
  a snake
  8 water moccasins
  3 apes
  3 fire ants
  4 bugbears
 an imp
  3 water nymphs
  2 rock piercers
  2 fog clouds
  a yellow light
  a shrieker
  2 violet fungi
  5 gnome leaders
  2 gnomish wizards
  2 gray oozes
  4 elf zombies
  2 ghouls
  2 straw golems
  2 paper golems
  4 giant ants
  a kitten
  2 kobold leaders
  a kobold shaman
  6 hill orcs
  2 rothes
  a giant bat
  a wererat
  2 werejackals
  4 iguanas
  2 acid blobs
  3 hobbits
  2 large kobolds
  3 hobgoblins
  9 giant rats
 13 cave spiders
  2 yellow molds
  a green mold
 19 gnomes
  6 garter snakes
  a gnome zombie
  5 geckos
 12 jackals
  a fox
  a goblin
  5 sewer rats
  9 grid bugs
  3 bats
  5 lichens
  a kobold zombie
  5 newts
197 creatures vanquished.

No species were genocided or became extinct.

Game over:
                       ----------
                      /          \
                     /    REST    \
                    /      IN      \
                   /     PEACE      \
                  /                  \
                  |     Anarchos     |
                  |      378 Au      |
                  |  petrified by a  |
                  |    cockatrice    |
                  |                  |
                  |                  |
                  |       2026       |
                 *|     *  *  *      | *
        _________)/\\_//(\/(/\)/\//\/|_)_______

Farvel Anarchos the Valkyrie...

You turned to stone in The Dungeons of Doom on dungeon level 9 with 6817 points,
and 378 pieces of gold, after 7892 moves.
You were level 8 with a maximum of 105 hit points when you turned to stone.

